 Dungeon Crawl Stone Soup version 0.20.0-15-g7f486f2 (webtiles) character file.

39910 Mesmaeker13 the Protected (level 13, -9/123 HPs)
             Began as a Minotaur Fighter on June 11, 2017.
             Was an Elder of the Shining One.
             Drowned by a drowned soul (14 damage)
             ... summoned by a merfolk avatar
             ... on level 6 of the Lair of Beasts.
             The game lasted 00:34:44 (15819 turns).

Mesmaeker13 the Protected (Minotaur Fighter)       Turns: 15819, Time: 00:34:45

Health: -9/123     AC: 23    Str: 22    XL:     13   Next: 71%
Magic:  17/17      EV:  7    Int:  9    God:    the Shining One [****..]
Gold:   974        SH: 25    Dex: 10    Spells: 12/12 levels left

rFire    . . .     SeeInvis +   Z - +2 morningstar (protect)
rCold    + . .     Gourm    .   c - +0 shield
rNeg     + + .     Faith    .   z - +0 plate armour
rPois    .         Spirit   .   (helmet restricted)
rElec    .         Reflect  +   G - +0 cloak
rCorr    .         Harm     .   F - +0 pair of gloves
MR       +....                  k - +0 pair of boots
Stlth    ..........             n - +3 amulet of reflection
Regen    0.3/turn               W - ring of protection from magic
MPRegen  0.2/turn               p - ring of see invisible

@: divine shield, mesmerised, glowing
A: retaliatory headbutt, horns 2, thin metallic scales 1, cold resistance 1,
wild magic 1
a: Divine Shield, Cleansing Flame, Renounce Religion


You were on level 6 of the Lair of Beasts.
You worshipped the Shining One.
The Shining One was greatly pleased with you.
You were not hungry.

You visited 3 branches of the dungeon, and saw 18 of its levels.

You collected 1016 gold pieces.
You spent 42 gold pieces at shops.

Inventory:

Hand Weapons
 Z - a +2 morningstar of protection (weapon)
Missiles
 s - 11 tomahawks
 u - a throwing net
 y - 7 silver tomahawks (quivered)
Armour
 c - a +0 shield (worn)
 k - a +0 pair of boots (worn)
 z - a +0 plate armour (worn)
 F - a +0 pair of gloves (worn)
 G - a +0 cloak (worn)
Jewellery
 a - an uncursed amulet of faith {unknown}
 n - a +3 amulet of reflection (around neck)
 p - a ring of see invisible (right hand)
 N - an uncursed ring of fire
 W - a ring of protection from magic (left hand)
Wands
 i - a wand of paralysis (11/24)
 m - a wand of confusion (24/48)
 T - a wand of acid (0/15)
 X - a wand of confusion (22/48)
Scrolls
 h - 4 scrolls of teleportation
 o - 3 scrolls of remove curse
 w - 2 scrolls of amnesia {unknown}
 D - a scroll of brand weapon {unknown}
 H - 4 scrolls of fog
 J - 2 scrolls of holy word {unknown}
 K - a scroll of enchant weapon {unknown}
 M - 3 scrolls of enchant armour {unknown}
 O - a scroll of magic mapping {unknown}
 P - a scroll of random uselessness {unknown}
 R - 2 scrolls of blinking {unknown}
 V - a scroll of torment {unknown}
Potions
 d - 4 potions of might
 e - 4 potions of haste
 g - 2 potions of agility
 j - 5 potions of heal wounds
 t - 4 potions of degeneration {unknown}
 x - 3 potions of curing
 A - a potion of cancellation {unknown}
 E - a potion of brilliance {unknown}
 L - 3 potions of berserk rage {unknown}
 S - a potion of lignification {unknown}
 U - 2 potions of magic {unknown}
 Y - 2 potions of resistance {unknown}
Books
 q - a book of Debilitation

   Spells                             Type                      Level
   a - Corona                         Hexes                        1
   b - Slow                           Hexes                        2
   c - Inner Flame                    Hexes/Fire                   3
   d - Portal Projectile              Hexes/Translocation          3
   e - Cause Fear                     Hexes                        4
   f - Leda's Liquefaction            Hexes/Earth                  4
Comestibles
 b - 11 chunks of flesh
 f - 7 bread rations


   Skills:
 + Level 13.8 Fighting
 + Level 13.5 Maces & Flails
 + Level 14.0 Armour
 + Level 13.7 Shields
 + Level 6.7 Invocations


You had 12 spell levels left.
You didn't know any spells.

Dungeon Overview and Level Annotations

Branches:
Dungeon (11/15)            Temple (1/1) D:5            Lair (6/6) D:9
 Shoals (0/4) Lair:3        Snake (0/4) Lair:2        Slime (0/5) Lair:6
    Orc (0/2) D:10

Altars:
Ashenzari
Cheibriados
Gozag
Hepliaklqana
Kikubaaqudgha
Makhleb
Nemelex Xobeh
Okawaru
Qazlal
Ru
Trog
Uskayaw
Vehumet
Xom
Yredelemnul
Zin
The Shining One
Jiyva

Shops:
D:6 !:}!   D:10 ([


Innate Abilities, Weirdness & Mutations

You reflexively headbutt those who attack you in melee.
You have a pair of horns on your head.
You are partially covered in thin metallic scales. (AC +2)
Your flesh is cold resistant. (rC+)
Your spells are a little harder to cast, but a little more powerful.


Message History

The meliai stings you but does no damage.
Found a meat ration.
You block the drowned soul's attack. x2
The merfolk avatar chants its luring song.
The meliai zaps a wand.
You easily resist.
The drowned soul touches you. The drowned soul drowns you!
* * * LOW HITPOINT WARNING * * *
Found four items.
Unknown command.
You feel much better.
The meliai invokes the aid of its god against you.
Something smites you!
* * * LOW HITPOINT WARNING * * *
You block the drowned soul's attack.
The merfolk avatar chants its luring song.
The meliai hits you but does no damage. You block the meliai's attack.
The drowned soul touches you. The drowned soul drowns you!
* * * LOW HITPOINT WARNING * * *
The drowned soul touches you. The drowned soul drowns you!
You die...

##......PP.(.....†............. #
#.......P#.....#............... #
##≈#...≈≈.≈...#≈.≈.............
###≈.≈P≈≈.≈≈.≈....≈P≈≈.≈≈≈..≈....
#≈≈.##≈≈##≈≈#.≈≈#.≈≈.#≈≈##≈≈##≈..
#≈≈P##≈≈##≈≈..≈≈..≈≈..≈≈.#≈≈ #≈..
##.≈P≈≈≈≈≈≈≈≈≈≈≈≈≈≈≈≈≈≈≈≈≈≈ ≈P..
##.≈≈≈≈≈≈≈≈≈≈≈≈y##≈≈≈≈≈≈≈≈
##...#≈.#######.@..######
†...##≈.≈≈ #8≈m≈≈W≈≈≈8#
...≈≈≈≈≈≈≈ #≈≈≈#≈≈#≈≈≈#
...≈≈≈≈#≈≈ #≈≈≈≈≈≈≈≈≈≈# ..#..#≈#
#≈≈≈≈≈≈≈≈≈≈# ...≈#.≈# ≈≈≈≈≈?:($≈≈
# ...≈≈≈≈≈ 8≈≈≈≈≈%≈W%≈≈≈
....≈≈P≈≈≈≈≈≈≈≈/≈≈$≈≈≈. ......≈#≈


You could see a merfolk avatar, a meliai and 2 drowned souls.

Vanquished Creatures
  An ogre mage (D:10)
  3 hydras
  A centaur warrior (D:10)
  3 two-headed ogres
  Erica (D:9)
  4 death yaks (Lair:4)
  Sonja (Lair:3)
  A sea snake (Lair:6)
  An oklob plant (Lair:3)
  An ugly thing (D:10)
  A deep elf mage (D:10)
  A centaur zombie (D:10)
  4 elephants (Lair:6)
  6 black mambas
  11 spiny frogs
  4 rime drakes
  7 komodo dragons
  2 meliai (Lair:4)
  A queen bee (Lair:4)
  A hornet (Lair:6)
  4 polar bears
  7 hippogriffs
  Grinder (D:3)
  7 blink frogs (Lair:4)
  A snapping turtle (Lair:3)
  Sigmund (D:5)
  2 wyverns
  A centaur simulacrum (D:10)
  A wraith (D:10)
  11 yaks
  4 hogs (D:8)
  A human (D:8)
  5 basilisks
  Eustachio (D:4)
  An acid dragon (D:10)
  13 porcupines
  24 water moccasins
  2 black bears
  4 orc warriors
  A sky beast (D:9)
  3 ogres
  A phantom (D:6)
  2 centaurs (D:8)
  5 wolves (Lair:3)
  11 crocodiles
  Blork the orc (D:5)
  10 bullfrogs
  A gnoll sergeant (D:7)
  5 scorpions
  25 killer bees
  A wight (D:10)
  3 howler monkeys
  An electric eel (Lair:3)
  2 crimson imps (D:8)
  2 centaur skeletons
  3 bullfrog zombies (D:8)
  A gnoll shaman (D:5)
  5 hounds
  2 quasits
  6 orc priests
  13 orc wizards
  Natasha (thrice) (D:3 D:6)
  An iguana (D:7)
  12 worker ants
  3 hound skeletons
  2 howler monkey zombies
  18 gnolls
  10 adders
  A shadow imp (D:5)
  An ooze (D:1)
  2 adder zombies
  8 worms
  5 dart slugs
  5 leopard geckos
  32 orcs
  3 ball pythons
  7 bats
  4 giant cockroaches
  8 goblins
  2 hobgoblins
  4 jackals (D:5)
  9 kobolds
  6 quokkas
  7 frilled lizards
  A quokka zombie (D:6)
  9 rats
  A plant (Lair:6)
414 creatures vanquished.

Vanquished Creatures (others)
  A cyclops (D:10)
  3 centaurs
  A plant (Lair:6)
5 creatures vanquished.

Grand Total: 419 creatures vanquished

Notes
Turn   | Place    | Note
-------+----------+-------------------------------------------
     0 | D:1      | Mesmaeker13 the Minotaur Fighter began the quest for the Orb.
     0 | D:1      | Reached XP level 1. HP: 19/19 MP: 0/0
    51 | D:1      | Reached XP level 2. HP: 25/27 MP: 1/1
   156 | D:1      | Reached skill level 4 in Armour
   533 | D:2      | Reached XP level 3. HP: 33/33 MP: 2/2
   590 | D:2      | Reached XP level 4. HP: 17/40 MP: 3/3
  1208 | D:2      | Found a hide-covered altar of Uskayaw.
  1208 | D:2      | Found a glowing silver altar of Zin.
  1209 | D:2      | Found an opulent altar of Gozag.
  1523 | D:3      | Found an iron altar of Okawaru.
  1587 | D:3      | Found a snail-covered altar of Cheibriados.
  1751 | D:3      | Reached XP level 5. HP: 45/47 MP: 4/4
  1928 | D:3      | Reached skill level 5 in Armour
  1941 | D:3      | Noticed Natasha
  1947 | D:3      | Killed Natasha
  2394 | D:3      | Noticed Natasha
  2399 | D:3      | Killed Natasha
  2399 | D:3      | Reached skill level 5 in Shields
  2407 | D:3      | Noticed Grinder
  2425 | D:3      | Killed Grinder
  2425 | D:3      | Reached skill level 5 in Fighting
  2425 | D:3      | Reached XP level 6. HP: 31/56 MP: 5/5
  2504 | D:3      | Gained mutation: You are partially covered in thin metallic scales. (AC +2) [potion of mutation]
  2504 | D:3      | Gained mutation: Your flesh is cold resistant. (rC+) [potion of mutation]
  2504 | D:3      | Gained mutation: Your spells are a little harder to cast, but a little more powerful. [potion of mutation]
  2671 | D:4      | Reached skill level 5 in Maces & Flails
  2704 | D:4      | Reached skill level 6 in Armour
  2704 | D:4      | Reached XP level 7. HP: 3/61 MP: 6/6
  3122 | D:4      | Noticed Eustachio
  3142 | D:4      | Killed Eustachio
  3844 | D:4      | Reached XP level 8. HP: 50/71 MP: 7/7
  4079 | D:5      | Entered Level 5 of the Dungeon
  4156 | D:5      | Reached skill level 7 in Armour
  4272 | D:5      | Noticed Sigmund
  4278 | D:5      | Killed Sigmund
  4293 | D:5      | Noticed Blork the orc
  4304 | D:5      | Killed Blork the orc
  4515 | D:5      | Found a staircase to the Ecumenical Temple.
  4530 | Temple   | Entered the Ecumenical Temple
  4567 | Temple   | Became a worshipper of the Shining One
  4646 | D:6      | Noticed Natasha
  4663 | D:6      | Killed Natasha
  4698 | D:6      | Found Ajakucle's Distillery.
  4708 | D:6      | Bought a potion of curing for 42 gold pieces
  4794 | D:6      | Found Huawekor's Gadget Shoppe.
  4804 | D:6      | Reached skill level 8 in Armour
  4909 | D:6      | Found Riele's Book Emporium.
  5001 | D:6      | Found Jathrebao's Distillery.
  5283 | D:6      | Found a shattered altar of Ashenzari.
  5285 | D:6      | Found a basalt altar of Yredelemnul.
  5285 | D:6      | Found a burning altar of Makhleb.
  5287 | D:6      | Found a snail-covered altar of Cheibriados.
  5287 | D:6      | Found a hazy altar of Hepliaklqana.
  5287 | D:6      | Found a shimmering altar of Xom.
  5319 | D:6      | Reached XP level 9. HP: 81/81 MP: 8/8
  6294 | D:8      | Reached * piety under the Shining One
  6299 | D:8      | Reached skill level 9 in Armour
  6300 | D:8      | Noticed a two-headed ogre
  6306 | D:8      | Killed a two-headed ogre
  6440 | D:8      | Found a sacrificial altar of Ru.
  6621 | D:8      | Reached XP level 10. HP: 88/91 MP: 9/9
  6665 | D:8      | Found a sparkling altar of Nemelex Xobeh.
  6928 | D:8      | Reached skill level 10 in Armour
  6940 | D:8      | Reached skill level 10 in Shields
  6982 | D:8      | Reached ** piety under the Shining One
  7345 | D:9      | Noticed Erica
  7351 | D:9      | Killed Erica
  7351 | D:9      | Reached skill level 10 in Fighting
  7735 | D:9      | Found a staircase to the Lair.
  7895 | D:10     | Entered Level 10 of the Dungeon
  7895 | D:10     | Found a staircase to the Orcish Mines.
  7895 | D:10     | Found Vesma's Weapon Emporium.
  7895 | D:10     | Found Zofismann's Armour Emporium.
  7904 | D:10     | Reached skill level 10 in Maces & Flails
  7947 | D:10     | Noticed a purple ugly thing
  7957 | D:10     | Noticed a deep elf mage
  7961 | D:10     | Noticed a centaur warrior
  7967 | D:10     | Noticed a cyclops
  7971 | D:10     | Noticed a two-headed ogre
  7971 | D:10     | Noticed an ogre mage
  8231 | D:10     | Killed an ogre mage
  8231 | D:10     | Reached XP level 11. HP: 92/101 MP: 10/10
  8236 | D:10     | Killed a centaur warrior
  8236 | D:10     | Reached skill level 11 in Armour
  8293 | D:10     | Killed a deep elf mage
  8295 | D:10     | Got a warped quarterstaff {speed}
  8511 | D:10     | Killed a two-headed ogre
  8574 | D:10     | Killed a purple ugly thing
  8804 | D:10     | Reached *** piety under the Shining One
  9029 | D:10     | Noticed a two-headed ogre
  9035 | D:10     | Killed a two-headed ogre
  9343 | Lair:1   | Entered Level 1 of the Lair of Beasts
  9855 | Lair:1   | Reached skill level 12 in Armour
 10193 | Lair:2   | Reached skill level 1 in Invocations
 10294 | Lair:2   | Reached XP level 12. HP: 105/112 MP: 11/11
 10509 | Lair:2   | Found a staircase to the Snake Pit.
 10519 | Lair:2   | Identified the +8 quarterstaff "Dotom" {speed, rPois Int+3 Dex-5 Stlth+} (You took it off a deep elf mage on level 10 of the Dungeon)
 11257 | Lair:3   | Noticed Sonja
 11262 | Lair:3   | Killed Sonja
 11801 | Lair:3   | Found a staircase to the Shoals.
 12275 | Lair:4   | Reached skill level 13 in Armour
 12754 | Lair:4   | Reached skill level 5 in Invocations
 13605 | Lair:5   | Noticed a five-headed hydra
 13617 | Lair:5   | Killed a five-headed hydra
 13617 | Lair:5   | Reached XP level 13. HP: 101/122 MP: 15/15
 15183 | Lair:6   | Entered Level 6 of the Lair of Beasts
 15183 | Lair:6   | Reached **** piety under the Shining One
 15430 | Lair:6   | Found a viscous altar of Jiyva.
 15432 | Lair:6   | Found a staircase to the Slime Pits.
 15753 | Lair:6   | Reached skill level 14 in Armour
 15818 | Lair:6   | HP: 3/123 [drowned by a drowned soul[a merfolk avatar] (12)]
 15819 | Lair:6   | Drowned by a drowned soul

Skill      XL: |  1  2  3  4  5  6  7  8  9 10 11 12 13 |
---------------+----------------------------------------+-----
Armour         | 4 5 6 8 9 10 12 13 14 | 14.0
Shields        | 4 5 6 7 9 10 12 13 | 13.7
Maces & Flails | 3 4 5 7 8 10 11 12 13 | 13.5
Fighting       | 4 5 6 7 9 10 11 13 | 13.8
Invocations    | 1 5 6 |  6.7

Action                   |  1- 3 |  4- 6 |  7- 9 | 10-12 | 13-15 || total
-------------------------+-------+-------+-------+-------+-------++-------
Melee: Flail             |    80 |   151 |   349 |   642 |    81 ||  1303
       Headbutt          |     9 |    31 |    63 |   105 |    62 ||   270
       Morningstar       |       |       |       |       |   204 ||   204
Throw: Tomahawk          |       |       |       |    10 |       ||    10
Invok: Divine Shield     |       |       |       |     2 |     1 ||     3
Evoke: Wand              |       |       |       |    10 |     6 ||    16
  Use: Potion            |     1 |     1 |     1 |     1 |     2 ||     6
       Scroll            |       |     6 |     1 |     7 |       ||    14
  Eat: Chunk             |       |     6 |    13 |    23 |     2 ||    44
       Fruit             |       |       |       |       |     2 ||     2
       Bread ration      |       |       |       |       |     1 ||     1
Armor: Scale mail        |    37 |    18 |       |       |       ||    55
       Chain mail        |       |    31 |    54 |       |       ||    85
       Plate armour      |       |       |   118 |   190 |   122 ||   430
Dodge: Dodged            |    23 |    38 |    72 |    89 |    55 ||   277
Block: Shield            |    46 |    55 |   306 |   374 |   204 ||   985
       Reflection        |       |       |     9 |     9 |       ||    18
